 Dungeon Crawl Stone Soup version 0.28.0-43-g3370ac3207 (webtiles) character file.

Game seed: 11475540835530936181

15 Acheron the Grasshopper (level 2, -1/23 HPs)
             Began as a Palentonga Warper on Mar 29, 2022.
             Succumbed to a kobold's poison
             ... on level 1 of the Dungeon.
             The game lasted 00:01:26 (780 turns).

Acheron the Grasshopper (Palentonga Warper)          Turns: 780, Time: 00:01:27

Health: -1/23      AC:  4    Str: 14    XL:     2   Next: 34%
Magic:  5/5        EV:  9    Int: 13    God:
Gold:   40         SH:  0    Dex:  9    Spells: 5/5 levels left

rFire   . . .      SeeInvis +   a - +0 hand axe
rCold   . . .      Faith    .   (no shield)
rNeg    . . .      Spirit   .   b - +0 leather armour
rPois   .          Reflect  .   (no helmet)
rElec   .          Harm     .   (no cloak)
rCorr   .          Rampage  .   (no gloves)
Will    .....                   (no barding)
Stlth   +.........              (no amulet)
HPRegen 0.07/turn               (no ring)
MPRegen 0.09/turn               (no ring)

@: lethally poisoned (-1 -> -17)
A: large, rugged brown scales 3, see invisible, deformed body, roll 1, armoured
tail
a: Rolling Charge


You were on level 1 of the Dungeon.
You visited 1 branch of the dungeon, and saw 1 of its levels.

You collected 40 gold pieces.

Inventory:

Hand Weapons
 a - a +0 hand axe (weapon)
Missiles
 d - 5 boomerangs of dispersal (quivered)
Armour
 b - a +0 leather armour (worn)
Jewellery
 g - an amulet of guardian spirit
Scrolls
 c - a scroll of blinking
 e - a scroll of enchant armour {unknown}
 f - a scroll of torment {unknown}
 h - a scroll of identify {unknown}


   Skills:
 * Level 2.1 Fighting
 + Level 2.1 Axes
 * Level 1.0 Throwing
 + Level 0.7 Armour
 * Level 1.7 Dodging
 * Level 0.1 Stealth
 + Level 2.0 Spellcasting
 + Level 3.1 Translocations


You had 5 spell levels left.
You didn't know any spells.
Your spell library contained the following spells:

 Spells                   Type           Power      Damage    Failure   Level
 Blink                    Tloc           18%        N/A       13%         2
 Gell's Gravitas          Tloc           9%         N/A       26%         3
 Lesser Beckoning         Tloc           9%         N/A       26%         3
 Teleport Other           Tloc           9%         N/A       26%         3
 Manifold Assault         Tloc           9%         N/A       94%         5


Dungeon Overview and Level Annotations

Branches:
Dungeon (1/15)

Altars:


Innate Abilities, Weirdness & Mutations

You are completely covered in rugged brown scales. (AC +3, +7% HP)
You have supernaturally acute eyesight. (SInv)
Armour fits poorly on your strangely shaped body.
You can roll at nearby foes to attack.
You have a long armoured tail.


Message History

h - a scroll labelled RUKLY ZIOFA
Found a stone staircase leading down.
There is a stone staircase leading down here.
A ball python comes into view.
The ball python hisses angrily.
The ball python bites you but does no damage.
You barely miss the ball python.
The ball python bites you but does no damage.
The ball python barely misses you.
You closely miss the ball python.
You punch the ball python, but do no damage.
The ball python closely misses you.
You hit the ball python.
You kill the ball python!
You see here a ball python corpse.
You see here a ball python corpse.
A kobold comes into view. It is wielding a +1 dagger of venom.
The kobold shouts!
The kobold hits you but does no damage.
You are poisoned.
You hit the kobold.
The kobold is moderately wounded.
You feel very sick. The kobold completely misses you.
The kobold hits you with a +1 dagger of venom.
You are lethally poisoned!
You hit the kobold but do no damage.
The kobold is moderately wounded.
You feel very sick. The kobold barely misses you.
You hit the kobold. Your punch misses the kobold.
The kobold is severely wounded.
You feel very sick.
The kobold hits you with a +1 dagger of venom.
You are more poisoned.
You hit the kobold.
You kill the kobold!
* * * LOW HITPOINT WARNING * * *
You feel very sick.
You die...

######## .......#
########### .#...#.#
#.........#
.......#####.........#
.#...#...........###
###.########.###.# #.#
#.###.###.# #.#
#.........# #+##
#.###@###.# ##...##
#.# #.# #.....## #.#
#.# .......## #.. ...
........# #.#
........+ ...
........# #.# .......#
#.# #.....##


There were no monsters in sight!

Vanquished Creatures
  A dart slug (D:1)
  A bat (D:1)
  2 endoplasms (D:1)
  2 goblins (D:1)
  A hobgoblin (D:1)
  3 ball pythons (D:1)
  2 kobolds (D:1)
12 creatures vanquished.

Vanquished Creatures (others)
  4 toadstools (D:1)
4 creatures vanquished.

Grand Total: 16 creatures vanquished

Notes
Turn   | Place    | Note
-------+----------+-------------------------------------------
     0 | D:1      | Acheron the Palentonga Warper began the quest for the Orb.
     0 | D:1      | Reached XP level 1. HP: 17/17 MP: 3/3
   611 | D:1      | Reached XP level 2. HP: 23/23 MP: 5/5
   626 | D:1      | Reached skill level 1 in Throwing
   780 | D:1      | Succumbed to a kobold's poison

Illustrated notes

Levels and vault maps discovered:
D:1:      ldierk_water_garden, layout_loops_corners

Skill      XL: |  1  2 |
---------------+-------+-----
Throwing       | 1 |  1.0
Fighting       | |  2.1
Axes           | |  2.1
Armour         | |  0.7
Dodging        | |  1.7
Stealth        | |  0.1
Spellcasting   | |  2.0
Translocations | |  3.1

Action                   || total
-------------------------++-------
Melee: Hand axe          ||    34
       Tailslap          ||     1
       Punch             ||     1
Armor: Leather armour    ||    16
Dodge: Dodged            ||    18
